 Dungeon Crawl Stone Soup version 0.30-a0-1164-ge08a67761e (webtiles) character file.

Game seed: 17105619383119397783

8635 themarg the Grappler (level 11, -4/102 HPs)
             Began as a Troll Fighter on Apr 30, 2023.
             Was a High Priest of Okawaru.
             Slain by Erolcha
             ... wielding a +0 giant club
              (26 damage)
             ... on level 11 of the Dungeon.
             The game lasted 00:25:17 (10094 turns).

themarg the Grappler (Troll Fighter)               Turns: 10094, Time: 00:25:17

Health: -4/102     AC:  7    Str: 36    XL:     11   Next: 12%
Magic:  16/16      EV:  9    Int:  4    God:    Okawaru [*****.]
Gold:   665        SH:  9    Dex:  9    Spells: 10/10 levels left

rFire   . .          .
                       - Unarmed
rCold   . . .        b - +0 kite shield
rNeg    . . .        y - +1 troll leather armour
rPois   .            (helmet restricted)
rElec   .            (no cloak)
rCorr   .            (gloves unavailable)
SInv    .            (boots unavailable)
Will    .....        (no amulet)
Stlth   +            C - +4 ring of protection
HPRegen 1.97/turn    E - +6 ring of strength
MPRegen 0.15/turn

%: no passive effects
@: about to teleport, corroded
A: large, unfitting armour, claws 3, regeneration 1, shaggy fur 1, tough skin 1
a: Renounce Religion, Heroism, Finesse, Duel


You were on level 11 of the Dungeon.
You worshipped Okawaru.
Okawaru was extremely pleased with you.
You visited 1 branch of the dungeon, and saw 11 of its levels.
You also visited: Sewer.

You collected 665 gold pieces.

Inventory:

Missiles
 e - 9 curare-tipped darts
 h - 118 stones
 u - 2 atropa-tipped darts
 v - 14 boomerangs
 L - 49 poisoned darts (quivered)
 P - 8 javelins
Armour
 b - a +0 kite shield (worn)
 s - a +0 cloak
 y - a +1 troll leather armour (worn)
Jewellery
 a - a +6 ring of strength
 w - a ring of resist corrosion
 x - an amulet of faith
 C - a +4 ring of protection (left claw)
 E - a +6 ring of strength (right claw)
 Q - a +4 ring of protection
 T - a ring of protection from fire
Wands
 J - a wand of flame (40)
 N - a wand of iceblast (20)
Scrolls
 g - 4 scrolls of enchant armour
 i - 2 scrolls of vulnerability {unknown}
 l - 2 scrolls of acquirement {unknown}
 m - 3 scrolls of silence
 n - 3 scrolls of magic mapping
 o - 2 scrolls of immolation {unknown}
 q - 6 scrolls of teleportation
 D - 2 scrolls of amnesia {unknown}
 F - a scroll of poison {unknown}
 H - 2 scrolls of enchant weapon {unknown}
 I - 2 scrolls of fear {unknown}
 S - a scroll of blinking {unknown}
Potions
 c - 3 potions of might
 d - 3 potions of curing
 f - 3 potions of brilliance
 j - 5 potions of flight
 k - 2 potions of ambrosia {unknown}
 p - 5 potions of heal wounds
 r - 3 potions of lignification {unknown}
 t - 2 potions of cancellation {unknown}
 z - 2 potions of mutation {unknown}
 G - 2 potions of attraction {unknown}
 K - 2 potions of invisibility {unknown}
 M - a potion of resistance {unknown}


   Skills:
 - Level 5.0 Fighting
 - Level 3.0 Throwing
 - Level 2.4 Dodging
 - Level 8.1 Shields
 - Level 10.0 Unarmed Combat
 + Level 9.2 Invocations


You had 10 spell levels left.
You didn't know any spells.
Your spell library contained the following spells:

 Spells                   Type           Power      Damage    Failure   Level
 Freeze                   Ice            0%         1d3       67%         1
 Frozen Ramparts          Ice            0%         1d1       96%         3
 Hailstorm                Conj/Ice       0%         3d3       96%         3
 Inner Flame              Hex/Fire       0%         N/A       96%         3
 Flame Wave               Conj/Fire      0%         2d4       100%        4
 Sticky Flame             Conj/Fire      0%         2d3       100%        4
 Blade Hands              Tmut           0%         N/A       100%        5
 Irradiate                Conj/Tmut      0%         3d11      100%        5
 Dragon Form              Tmut           0%         N/A       100%        7
 Orb of Destruction       Conj           0%         9d5       100%        7
 Summon Guardian Golem    Hex/Summ       Unusable   N/A       N/A         3
 Spellforged Servitor     Conj/Summ      Unusable   N/A       N/A         7

Dungeon Overview and Level Annotations

Branches:
Dungeon (11/15)            Temple (0/1) D:4            Lair (0/5) D:10
  Sewer (visited)
    Orc: D:9-12

Altars:
Ashenzari
Fedhas
Kikubaaqudgha
Nemelex Xobeh
Okawaru
Qazlal
Ru
Sif Muna
Uskayaw
Vehumet
Wu Jian
Yredelemnul
Zin
The Shining One

Portals:
Trove: D:10 (give 7 scrolls of blinking)

Annotations:
D:2 1 exclusion
D:3 1 runed translucent door, Crazy Yiuf, Sigmund
D:11 Erolcha


Innate Abilities, Weirdness & Mutations

You are too large for most types of armour.
You have claws for hands.
Your natural rate of healing is unusually fast.
You are covered in fur. (AC +1)
You have tough skin. (AC +1)


Message History

Press: ? - help, Shift-Dir - straight line, f - acid dragon
Aim: an acid dragon (catching its breath, chance to affect: 64%)
The acid dragon struggles to resist.
You closely miss the acid dragon. The acid dragon bites you.
The acid dragon claws you but does no damage.
You claw the acid dragon!
The acid dragon is moderately wounded.
The acid dragon closely misses you. You block the acid dragon's attack.
You scratch the acid dragon but do no damage.
The acid dragon is moderately wounded.
The acid dragon bites you!
The acid dragon claws you but does no damage.
You barely miss the acid dragon.
The acid dragon is moderately wounded.
The acid dragon bites you. The acid dragon barely misses you.
You barely miss the acid dragon.
The acid dragon is moderately wounded.
The acid dragon bites you! You block the acid dragon's attack.
Something hits you!!
The acid dragon attacks as you move away!
You block the acid dragon's attack. x2
You mangle the acid dragon!!
You kill the acid dragon!
Okawaru accepts your kill.
The acid dragon scales are intact enough to wear.
Aiming: Mindburst
Press: ? - help, Shift-Dir - straight line Nothing appears to happen.
Something hits you!
* * * LOW HITPOINT WARNING * * *
As you read the scroll of teleportation, it crumbles to dust.
You feel strangely unstable. Something hits you.
* * * LOW HITPOINT WARNING * * *
Aiming: Mindburst
Press: ? - help, Shift-Dir - straight line Something's mind is blasted!
Aiming: Mindburst
Press: ? - help, Shift-Dir - straight line Nothing appears to happen.
The now-empty wand crumbles to dust.
Something hits you!!
You die...

##.#.#.#.# ###D....
##.#.#.#.#########
.#.#.#.#.......##
.#.#.#.#.#####.## .'.#.#.#.#
#.# ##.#.#.### #.# ##...#...#
#.# #....##..#####.#######.#
#.....#..##'##..@{.....# ####
#...[.#..##..#####'#####....#
#.....#.......#....)...'....#
#.....#.......#........#....#
#....##..##..########..# ...#
##...##..##..## #..# ...{
##.......#...)# #...# ...
.#.......#....# .#...# ..
>'.......#....# .#...# .


There were no monsters in sight!

Vanquished Creatures
  A two-headed ogre (D:11)
  A manticore (D:11)
  Maurice (D:11)
  Maggie (D:6)
  4 kobold demonologists
  A troll (D:10)
  A hornet (D:9)
  2 shadows
  A vampire (D:9)
  A wraith (D:10)
  A wyvern (D:7)
  A steam dragon (D:7)
  3 vampire mosquitoes (D:11)
  3 wargs (D:10)
  2 acid dragons (D:11)
  A water moccasin (D:6)
  4 orc warriors
  2 ice beasts
  A black bear (D:4)
  An ogre (D:5)
  2 centaurs
  2 phantoms
  7 kobold brigands
  6 bullfrogs
  A gnoll sergeant (D:9)
  A scorpion (D:7)
  8 wights
  4 howler monkeys
  4 hounds
  A jelly (D:8)
  4 orc priests
  2 gnoll boudas
  3 sleepcaps
  Terence (D:3)
  5 iguanas
  8 orc wizards
  9 adders
  13 gnolls
  3 river rats (Sewer)
  A shadow imp (D:6)
  3 white imps
  2 ufetubi
  4 worms
  3 dart slugs
  26 orcs
  5 ball pythons
  5 bats
  11 endoplasms
  4 giant cockroaches
  6 goblins
  3 hobgoblins
  2 quokkas
  21 kobolds
  12 rats
225 creatures vanquished.

Vanquished Creatures (others)
  A jelly (D:7)
  A shadow imp (D:7)
2 creatures vanquished.

Grand Total: 227 creatures vanquished

Notes
Turn   | Place    | Note
-------+----------+-------------------------------------------
     0 | D:1      | themarg the Troll Fighter began the quest for the Orb.
     0 | D:1      | Reached XP level 1. HP: 22/22 MP: 0/0
    64 | D:1      | Reached XP level 2. HP: 16/29 MP: 1/1
   837 | D:2      | Reached XP level 3. HP: 36/36 MP: 2/2
   842 | D:2      | Found an iron altar of Okawaru.
   867 | D:2      | Became a worshipper of Warmaster Okawaru
   887 | D:2      | Reached skill level 3 in Unarmed Combat
  1439 | D:2      | Reached XP level 4. HP: 44/44 MP: 3/3
  1585 | D:3      | Noticed Terence
  1726 | D:3      | Identified the +5 robe "Ykeoc" {rElec Str-5 Int+3}
  1803 | D:3      | Noticed Sigmund
  2125 | D:3      | Found a faded altar of an unknown god.
  2262 | D:3      | Found a blossoming altar of Fedhas.
  2623 | D:3      | Killed Terence
  2654 | D:3      | Found a shimmering blue altar of Sif Muna.
  2727 | D:3      | Found a runed translucent door.
  2728 | D:3      | Noticed Crazy Yiuf
  2831 | D:4      | Reached XP level 5. HP: 50/50 MP: 4/4
  2894 | D:4      | Reached skill level 4 in Unarmed Combat
  2976 | D:4      | Noticed a black bear
  2995 | D:4      | Killed a black bear
  2995 | D:4      | Reached * piety under Okawaru
  2996 | D:4      | Reached skill level 5 in Shields
  2996 | D:4      | Reached XP level 6. HP: 48/59 MP: 5/5
  3153 | D:4      | Found a glowing golden altar of the Shining One.
  3224 | D:4      | Found a staircase to the Ecumenical Temple.
  3322 | D:4      | Reached skill level 5 in Unarmed Combat
  3483 | D:4      | Found a radiant altar of Vehumet.
  3615 | D:5      | Entered Level 5 of the Dungeon
  3924 | D:5      | Reached XP level 7. HP: 65/66 MP: 6/6
  4099 | D:5      | Found a sparkling altar of Nemelex Xobeh.
  4240 | D:6      | Found a glowing drain.
  4256 | Sewer    | Entered a sewer
  4595 | Sewer    | Reached ** piety under Okawaru
  4655 | Sewer    | Reached XP level 8. HP: 35/74 MP: 7/7
  5014 | D:6      | Reached skill level 1 in Throwing
  5014 | D:6      | Reached skill level 1 in Invocations
  5198 | D:6      | Noticed Maggie
  5207 | D:6      | Killed Maggie
  5988 | D:7      | Reached XP level 9. HP: 85/85 MP: 10/10
  6246 | D:7      | Found a glowing silver altar of Zin.
  6319 | D:7      | Found a stormy altar of Qazlal.
  6321 | D:7      | Found a basalt altar of Yredelemnul.
  6405 | D:7      | Reached *** piety under Okawaru
  6446 | D:7      | Reached skill level 5 in Fighting
  6511 | D:7      | Reached skill level 5 in Invocations
  7017 | D:8      | Reached skill level 6 in Unarmed Combat
  7412 | D:8      | Reached skill level 7 in Unarmed Combat
  7811 | D:8      | Found a hide-covered altar of Uskayaw.
  7910 | D:7      | Found an iron altar of Okawaru.
  7994 | D:9      | Found a broken altar of Ashenzari.
  8119 | D:9      | Reached skill level 8 in Unarmed Combat
  8259 | D:9      | Reached **** piety under Okawaru
  8260 | D:9      | Reached XP level 10. HP: 51/96 MP: 12/12
  8609 | D:9      | Reached skill level 9 in Unarmed Combat
  8792 | D:10     | Entered Level 10 of the Dungeon
  8854 | D:10     | Found a staircase to the Lair.
  8874 | D:10     | Reached skill level 10 in Unarmed Combat
  8898 | D:10     | Noticed an orange demon
  8901 | D:10     | Noticed an orange demon
  8903 | D:10     | Noticed a rust devil
  9044 | D:10     | Found a portal to a secret trove of treasure.
  9067 | D:10     | Found an ancient bone altar of Kikubaaqudgha.
  9123 | D:10     | Found a sacrificial altar of Ru.
  9178 | D:10     | Found an ornate altar of the Wu Jian Council.
  9730 | D:11     | Reached ***** piety under Okawaru
  9751 | D:11     | Noticed Maurice
  9766 | D:11     | Killed Maurice
  9787 | D:11     | Noticed a manticore
  9802 | D:11     | Killed a manticore
  9803 | D:11     | Reached XP level 11. HP: 80/102 MP: 16/16
 10045 | D:11     | Noticed a two-headed ogre
 10051 | D:11     | Killed a two-headed ogre
 10051 | D:11     | Received a gift from Okawaru
 10075 | D:11     | Noticed Erolcha
 10094 | D:11     | Slain by Erolcha

Illustrated notes

Levels and vault maps discovered:
D:1:      spicycebolla_green_bress_n_ham, layout_basic, serial_bayou_pond_e,
          bh_walls_and_bars
D:2:      layout_basic, basic_altar, serial_glass, glass_columns_a,
          glass_columns_a, due_unseen_surprise, minmay_misc_feat_ornament,
          minmay_pentomino_v2
D:3:      minmay_skewed_foursquare, layout_basic, lemuel_coloured_pillars_altar,
          mainiacjoe_overflow_surrounded_room, shapermc_ecumenical_altar_gd,
          uniq_sigmund, uniq_crazy_yiuf_cottage, uniq_terence
D:4:      layout_basic, tso_altar, kennysheep_mini, minmay_temple_entry_hall,
          hex_intersection, grunt_ministairs_2, corner_web_ring,
          minmay_box_of_dots
D:5:      layout_rooms, nemelex_dance_club_becter
D:6:      layout_basic, cheibrodos_sewer_entry_bend, serial_rivers,
          chequers_serial_rivers_room_b, chequers_serial_rivers_micro_c,
          chequers_serial_rivers_micro_e, chequers_serial_rivers_room_b,
          chequers_serial_rivers_small_a, minmay_misc_feat_rows, uniq_maggie
D:7:      layout_loops_corners, nicolae_overflow_hidden_temple, minmay_circle_x
D:8:      layout_basic, lemuel_crystal_altar
D:9:      layout_basic, mainiacjoe_overflow_tiny_flanked
D:10:     layout_cave_pools, kiku_gazebo_pond_becter, amcnicky_altar_gilded,
          nzn_wu_jian_council_hall, erik_lair_orcish_takeover, enter_trove_1,
          nicolae_titane
D:11:     layout_gridville, serial_co_window_serial, co_window_corner_a,
          co_window_cross_1, co_window_of_opportunity_a, co_window_paths_a,
          co_window_paths_b, co_window_paths_a, co_window_paths_b,
          co_window_corner_b, co_window_unsneaky_path_d, co_window_2corner,
          co_window_broadway_b, co_window_broadway_a, co_window_corner_ca,
          minmay_misc_feat_enclosed, uniq_erolcha, uniq_maurice

Skill      XL: |  1  2  3  4  5  6  7  8  9 10 11 |
---------------+----------------------------------+-----
Shields        | 3 4 5 8 |  8.1
Unarmed Combat | 3 4 5 8 10 | 10.0
Throwing       | 3 |  3.0
Invocations    | 3 5 8 9 |  9.2
Fighting       | 4 5 |  5.0
Dodging        | |  2.4

Action                     |  1- 3 |  4- 6 |  7- 9 | 10-12 || total
---------------------------+-------+-------+-------+-------++-------
  Melee: Unarmed           |    86 |   129 |   363 |   163 ||   741
  Throw: Dart              |       |       |       |     8 ||     8
         Boomerang         |       |       |       |     3 ||     3
 Invoke: Heroism           |       |       |     5 |     4 ||     9
         Finesse           |       |       |       |     1 ||     1
  Evoke: Wand              |       |       |       |     4 ||     4
    Use: Scroll            |       |     1 |     1 |     8 ||    10
         Potion            |       |     3 |       |     3 ||     6
   Stab: Sleeping          |     1 |       |       |       ||     1
 Armour: Robe              |    18 |    32 |    78 |     3 ||   131
         Troll leather arm |       |       |       |    49 ||    49
  Dodge: Dodged            |    28 |    59 |   100 |    61 ||   248
  Block: Kite shield       |    30 |    40 |   128 |    89 ||   287

Table legend: (Time is in decaauts)
 A = Elapsed time spent in this place.
 B = Non-inter-level travel time spent in this place.
 C = Inter-level travel time spent in this place.
 D = Time resting spent in this place.
 E = Time spent auto-exploring this place.
 F = Levels seen in this place.
 G = Mean time per level.
                   A        B        C        D        E       F      G
               +--------+--------+--------+--------+--------+-----+--------+
         Total |  10076 |   9598 |    478 |     84 |   7383 |  12 |  839.7 |
       Dungeon |   9366 |   8888 |    478 |     53 |   7215 |  11 |  851.5 |
         Sewer |    710 |    710 |      0 |     31 |    168 |   1 |  710.0 |
               +--------+--------+--------+--------+--------+-----+--------+

Top non-repeatable levels by time:
     D:3: 1204 daAuts
     D:7: 1068 daAuts
     D:6: 1026 daAuts
     D:8: 970 daAuts
     D:9: 890 daAuts
     D:4: 832 daAuts
     D:1: 794 daAuts
     D:2: 791 daAuts
   Sewer: 710 daAuts
    D:10: 676 daAuts
     D:5: 557 daAuts
    D:11: 554 daAuts
